Map: Whitewater Line LE

Players

Alebay - Winner!

  • Race: Protoss Protoss
  • Spawn Location: 12:00

PiPuxD - Winner!

  • Race: Protoss Protoss
  • League: Gold
  • Spawn Location: 1:00

MattBarry - Winner!

  • Race: Zerg Zerg
  • League: Gold
  • Spawn Location: 1:00

saintfun

  • Race: Zerg Zerg
  • Spawn Location: 6:00

KoRKon

  • Race: Zerg Zerg
  • Spawn Location: 7:00

Greydancer

  • Race: Zerg Zerg
  • Spawn Location: 7:00

VOD

Have the link to the VOD?

Description

Time

  • Played on: Jan. 24, 2023, 2:38 a.m.
  • Length: 14:30
Show
View Real Time Build Order
Export as new Build Order

Alebay Protoss - Winner!

Build Orders:  

Get SALT Encoding   

  12  0:00  Probe  
  13  0:12  Probe  
  14  0:22  Pylon  
  14  0:24  Probe  
  15  0:40  Probe  
  15  0:41  Gateway  
  16  0:48  Assimilator  
  16  0:52  Probe  
  17  1:05  Probe  
  18  1:17  Probe  
  19  1:29  Probe  
  20  1:41  Pylon  
  20  1:42  Cybernetics Core  
  20  1:47  Nexus  
  20  1:51  Probe  
  21  2:03  Probe  
  21  2:04  Pylon  
  21  2:05  Assimilator  
  22  2:15  Probe  
  23  2:23  Warp Gate (Chrono Boost)  
  23  2:28  Probe  
  24  2:32  Adept (Chrono Boost)  
  26  2:42  Probe  
  27  2:51  Robotics Facility  
  27  2:55  Assimilator  
  27  2:56  Probe  
  28  3:00  Probe  
  28  3:05  Adept  
  31  3:12  Probe x2  
  33  3:16  Pylon  
  33  3:20  Gateway  
  33  3:24  Probe x2  
  35  3:36  Probe x2  
  35  3:37  Gateway  
  37  3:50  Probe x2  
  39  3:55  Adept  
  39  3:59  Immortal  
  39  4:02  Probe x2  
  47  4:05  Pylon  
  47  4:16  Stalker  
  49  4:20  Probe x2  
  49  4:22  Pylon  
  51  4:30  Forge  
  51  4:32  Probe x2  
  51  4:37  Twilight Council  
  53  4:39  Stalker x2  
  57  4:46  Warp Prism  
  57  4:50  Probe x2  
  61  4:55  Assimilator  
  61  5:03  Adept  
  61  5:04  Adept x2  
  67  5:42  Adept  
  69  5:48  Pylon  
  69  5:50  Pylon  
  69  5:51  Pylon  
  67  6:01  Stalker  
  67  6:02  Stalker  
  61  6:16  Observer (Chrono Boost)  
  62  6:32  Stalker x3  
  56  6:57  Stalker x3  
  62  7:04  Observer  
  63  7:37  Stalker x3  
  63  7:40  Observer  
  70  7:59  Protoss Ground Weapons Level 1 (Chrono Boost)  
  70  8:02  Gateway  
  70  8:04  Gateway  
  70  8:07  Forge, Gateway, Probe x2  
  72  8:13  Stalker x3  
  78  8:24  Blink (Chrono Boost)  
  76  8:54  Stalker x2  
  76  8:55  Stalker  
  47  9:06  Stalker x3  
  35  9:24  Stalker  
  35  9:25  Stalker x5  
  39  10:15  Stalker x5  
  49  10:25  Protoss Ground Armor Level 1 (Chrono Boost)  
  49  10:46  Zealot x6  
  61  10:54  Protoss Ground Weapons Level 2 (Chrono Boost)  
  61  10:55  Pylon  
  61  10:56  Gateway  
  61  10:57  Gateway  
  61  11:02  Charge (Chrono Boost)  
  61  11:08  Zealot x6  
  73  11:45  Zealot x4  
  73  11:46  Zealot x2  
  77  12:22  Zealot x6  
  89  12:23  Zealot x2  
  89  12:47  Zealot  
  89  12:48  Zealot x5  
  101  12:55  Pylon  
  101  12:57  Pylon  
  101  12:58  Pylon  
  101  13:00  Pylon  
  101  13:02  Pylon  
  101  13:03  Pylon  
  101  13:17  Zealot  
  101  13:18  Zealot x7  
  117  13:35  Nexus  
  73  14:15  Zealot x2  
  73  14:16  Zealot x6  
Show
View Real Time Build Order
Export as new Build Order

PiPuxD Protoss - Winner!

Build Orders: Double Forge 

Get SALT Encoding   

  12  0:00  Probe  
  13  0:12  Probe  
  14  0:25  Pylon, Probe  
  15  0:43  Probe  
  15  0:44  Gateway  
  16  0:51  Assimilator  
  16  0:55  Probe  
  17  1:08  Probe  
  18  1:20  Probe  
  19  1:32  Cybernetics Core  
  19  1:47  Pylon  
  19  1:54  Probe  
  22  2:06  Probe (Chrono Boost), Nexus  
  23  2:10  Warp Gate  
  23  2:12  Adept (Chrono Boost)  
  23  2:19  Probe (Chrono Boost)  
  24  2:24  Pylon  
  24  2:26  Probe (Chrono Boost)  
  25  2:40  Adept  
  25  2:43  Probe  
  28  2:48  Assimilator  
  28  2:54  Gateway  
  28  2:55  Probe  
  28  2:58  Gateway  
  29  3:07  Probe  
  29  3:10  Sentry  
  32  3:14  Pylon  
  32  3:20  Probe x2  
  34  3:31  Assimilator  
  34  3:32  Probe x2  
  36  3:38  Stalker  
  38  3:44  Probe x2  
  40  3:56  Probe x2  
  40  3:58  Sentry  
  40  4:00  Adept  
  46  4:12  Probe x2  
  48  4:19  Twilight Council  
  48  4:27  Pylon  
  48  4:28  Probe x2  
  48  4:31  Stalker x3  
  56  4:45  Probe x2  
  58  4:52  Forge x2  
  58  4:57  Probe x2  
  58  4:59  Stalker  
  62  5:00  Sentry, Stalker  
  66  5:19  Probe  
  66  5:20  Probe  
  66  5:43  Stalker, Probe x2  
  66  5:48  Pylon  
  66  5:49  Pylon  
  70  5:52  Pylon  
  66  6:08  Nexus  
  64  6:11  Pylon  
  64  6:13  Pylon  
  64  6:25  Stalker x2  
  65  6:26  Stalker  
  65  6:28  Blink (Chrono Boost)  
  68  6:49  Pylon  
  67  7:07  Stalker x2  
  71  7:08  Stalker  
  73  7:46  Assimilator  
  73  7:48  Photon Cannon, Protoss Ground Weapons Level 1, Protoss Ground Armor Level 1, Probe x3  
  76  7:51  Photon Cannon  
  76  7:55  Pylon  
  76  8:00  Probe  
  76  8:04  Probe x2  
  76  8:05  Robotics Facility  
  79  8:13  Probe  
  79  8:16  Probe x2  
  82  8:24  Assimilator  
  82  8:25  Probe  
  83  8:27  Assimilator  
  83  8:28  Probe  
  83  8:29  Probe  
  85  8:37  Probe  
  84  8:48  Probe x2  
  86  8:49  Probe  
  86  8:52  Stalker  
  86  8:53  Stalker x2  
  86  8:54  Observer  
  92  9:00  Probe  
  85  9:40  Stalker x3  
  85  9:43  Immortal  
  95  9:49  Gateway, Pylon  
  95  9:52  Gateway  
  95  9:56  Gateway  
  95  10:00  Gateway  
  95  10:06  Probe x3  
  98  10:09  Protoss Ground Weapons Level 2 (Chrono Boost), Stalker  
  98  10:10  Stalker x2  
  98  10:12  Protoss Ground Armor Level 2 (Chrono Boost)  
  104  10:18  Probe  
  105  10:34  Charge  
  105  10:37  Stalker x2  
  105  10:38  Stalker  
  111  10:50  Stalker x3  
  111  10:51  Nexus  
  111  10:52  Observer  
  111  10:53  Pylon  
  111  10:56  Pylon  
  118  10:58  Stalker  
  120  11:12  Robotics Bay  
  113  11:41  Stalker  
  113  11:42  Stalker x6  
  111  11:56  Disruptor (Chrono Boost)  
  114  12:06  Stalker x6  
  114  12:07  Stalker  
  128  12:14  Photon Cannon  
  126  12:16  Photon Cannon  
  126  12:18  Photon Cannon  
  126  12:21  Photon Cannon  
  124  12:23  Photon Cannon  
  124  12:24  Disruptor (Chrono Boost)  
  127  12:32  Stalker x5  
  127  12:33  Stalker x2  
  141  12:57  Disruptor (Chrono Boost)  
  144  13:02  Stalker  
  144  13:03  Stalker x5  
  144  13:04  Stalker  
  158  13:09  Assimilator  
  158  13:14  Assimilator  
  158  13:16  Pylon  
  158  13:18  Pylon  
  158  13:20  Pylon  
  158  13:21  Pylon  
  158  13:25  Stalker  
  158  13:26  Stalker x2  
  164  13:34  Disruptor  
  167  13:43  Zealot  
  167  13:44  Stalker x3  
Show
View Real Time Build Order
Export as new Build Order

MattBarry Zerg - Winner!

Build Orders: Pool First 

Get SALT Encoding   

  12  0:00  Drone  
  13  0:08  Drone  
  14  0:21  Extractor  
  13  0:28  Spawning Pool  
  12  0:42  Drone  
  13  0:45  Drone  
  14  0:57  Overlord  
  14  1:18  Drone  
  14  1:19  Zergling x2  
  14  1:24  Zergling x2  
  17  1:30  Queen  
  19  1:47  Hatchery  
  18  2:06  Drone x2  
  20  2:12  Lair  
  20  2:24  Drone x2  
  20  2:28  Extractor, Overlord  
  21  2:32  Metabolic Boost  
  19  3:04  Queen  
  21  3:17  Drone  
  21  3:18  Drone  
  23  3:37  Extractor  
  23  3:38  Extractor  
  21  3:42  Drone x3  
  21  3:43  Drone  
  21  3:46  Spire  
  24  4:00  Drone x2  
  24  4:01  Drone  
  27  4:04  Drone x2  
  27  4:05  Drone  
  30  4:15  Drone x2  
  32  4:18  Drone  
  33  4:58  Mutalisk  
  35  5:00  Overlord x2  
  35  5:05  Evolution Chamber  
  34  5:07  Evolution Chamber  
  34  5:09  Spine Crawler  
  34  5:10  Mutalisk  
  34  5:12  Mutalisk  
  36  5:19  Mutalisk x2  
  42  5:24  Mutalisk  
  44  5:32  Mutalisk  
  46  5:40  Mutalisk  
  48  6:39  Mutalisk x2  
  50  6:42  Overlord x2  
  52  6:51  Overseer  
  52  7:11  Mutalisk x5  
  52  7:14  Mutalisk  
  52  7:28  Drone x2  
  53  7:34  Drone  
  53  7:35  Drone  
  55  7:39  Hatchery  
  54  7:49  Zergling x2  
  39  8:14  Mutalisk  
  39  8:15  Mutalisk x5  
  50  8:38  Pneumatized Carapace  
  50  8:58  Mutalisk x6  
  60  9:26  Mutalisk x2  
  64  9:36  Mutalisk  
  60  10:17  Mutalisk x3  
  40  11:05  Zergling x2  
  40  11:08  Queen  
  39  11:39  Zergling x2  
  36  11:40  Zergling x16  
  36  11:43  Queen  
  44  12:12  Zerg Melee Weapons Level 1  
  44  12:15  Evolution Chamber  
  42  12:19  Queen  
  35  12:31  Mutalisk x9  
  53  13:00  Zergling x18  
  62  13:44  Mutalisk  
  62  13:46  Overlord x2  
  64  14:01  Mutalisk  
Show
View Real Time Build Order
Export as new Build Order

saintfun Zerg 

Build Orders: Pool First 

Get SALT Encoding   

  12  0:05  Drone  
  13  0:15  Drone  
  13  0:20  Extractor  
  13  0:21  Drone  
  14  0:23  Overlord  
  14  0:43  Spawning Pool  
  13  0:55  Drone x3  
  16  1:06  Drone  
  17  1:17  Drone  
  18  1:27  Drone  
  18  1:29  Queen  
  18  1:31  Metabolic Boost  
  21  1:38  Drone  
  22  1:48  Overlord  
  22  1:56  Spine Crawler  
  22  1:59  Drone  
  22  2:27  Zergling x2  
  22  2:28  Zergling x2  
  24  2:32  Zergling x2  
  25  2:43  Zergling x2  
  25  2:44  Zergling x4  
  28  2:50  Hatchery  
  27  3:30  Drone  
  27  3:31  Drone x2  
  27  3:34  Lair  
  30  3:38  Extractor  
  29  3:45  Hatchery  
  25  3:54  Drone x2  
  27  4:18  Drone  
  27  4:19  Drone x5  
  27  4:23  Overlord  
  33  4:29  Queen  
  35  4:38  Spine Crawler  
  34  4:44  Spine Crawler  
  33  4:51  Drone  
  34  5:19  Overlord  
  34  5:21  Zergling x16  
  42  5:32  Drone x3  
  34  6:15  Spore Crawler  
  34  6:16  Drone x2  
  34  6:17  Spore Crawler, Drone x2  
  34  6:18  Drone x3  
  35  6:27  Spore Crawler  
  35  6:31  Drone x2  
  36  6:39  Spore Crawler  
  35  6:40  Spore Crawler  
  35  6:42  Spore Crawler  
  35  6:46  Spore Crawler, Drone, Extractor  
  33  6:47  Extractor, Drone x2  
  33  7:10  Drone x5, Overlord  
  38  7:17  Hydralisk Den  
  38  7:20  Spore Crawler  
  38  7:22  Drone x4  
  40  7:23  Drone  
  41  7:34  Drone x5  
  46  7:50  Queen  
  46  7:53  Hydralisk x2  
  46  7:54  Overlord  
  46  7:55  Overlord x3  
  49  8:16  Spore Crawler  
  48  8:22  Pneumatized Carapace  
  48  8:25  Grooved Spines  
  48  8:26  Hydralisk x4  
  48  8:27  Hydralisk x4  
  52  8:29  Hydralisk  
  62  8:46  Hydralisk  
  62  8:47  Hydralisk x4  
  46  8:59  Hydralisk x2  
  48  9:06  Drone  
  41  9:31  Hydralisk x4  
  37  9:33  Hydralisk  
  37  9:36  Muscular Augments  
  41  9:47  Drone  
  41  9:49  Queen  
  44  9:53  Drone  
  43  10:23  Hydralisk x5  
  43  10:26  Hydralisk  
  55  10:39  Hydralisk x2  
  60  10:42  Drone  
  55  11:22  Hydralisk x3  
  55  11:23  Hydralisk  
  41  11:46  Hydralisk  
  37  11:48  Hydralisk  
  14  12:45  Drone x3  
  14  12:46  Drone x3  
  20  13:17  Hatchery  
Show
View Real Time Build Order
Export as new Build Order

KoRKon Zerg 

Build Orders: Pool First, Lurkers 

Get SALT Encoding   

  12  0:00  Drone  
  13  0:08  Drone  
  14  0:17  Overlord  
  15  0:35  Drone x2  
  15  0:36  Drone  
  17  0:45  Spawning Pool  
  17  0:48  Drone  
  17  0:50  Extractor  
  16  0:58  Drone  
  17  1:15  Drone  
  18  1:23  Hatchery  
  18  1:24  Drone  
  18  1:30  Drone  
  19  1:38  Queen  
  21  1:43  Drone  
  22  1:48  Extractor  
  22  1:51  Drone  
  22  2:02  Overlord  
  22  2:15  Lair  
  22  2:18  Overlord  
  22  2:24  Drone  
  23  2:35  Drone  
  23  2:36  Queen  
  26  2:38  Drone  
  27  2:45  Drone  
  27  2:47  Drone  
  27  2:48  Drone  
  30  2:58  Drone x3  
  33  3:05  Drone  
  33  3:12  Hydralisk Den  
  33  3:28  Drone x4, Overlord  
  33  3:30  Drone  
  33  3:31  Drone  
  33  3:33  Extractor  
  33  3:34  Extractor  
  37  3:41  Overlord x2  
  37  3:47  Overseer  
  37  3:52  Overlord  
  37  3:53  Overlord  
  37  4:03  Lurker Den, Grooved Spines  
  37  4:04  Drone  
  37  4:09  Drone x2  
  39  4:15  Hydralisk  
  41  4:19  Pneumatized Carapace  
  41  4:24  Hydralisk  
  41  4:29  Hydralisk  
  45  4:33  Hydralisk  
  47  4:39  Hydralisk  
  47  4:43  Hydralisk  
  51  4:53  Hydralisk x2  
  55  5:02  Lurker x3  
  55  5:03  Lurker  
  59  5:10  Zergling x6  
  59  5:11  Zergling x4  
  59  5:12  Zergling x2  
  65  5:14  Zergling x2  
  65  5:20  Lurker x2  
  57  6:00  Hydralisk x3  
  57  6:01  Hydralisk x3  
  66  7:06  Hydralisk x5  
  69  7:14  Overlord  
  66  7:35  Drone x2  
  65  7:43  Drone  
  66  7:50  Hatchery  
  65  7:52  Drone  
  65  7:54  Evolution Chamber  
  65  7:55  Evolution Chamber  
  65  7:57  Muscular Augments  
  64  8:01  Drone  
  65  8:09  Spore Crawler  
  64  8:26  Hydralisk x2  
  66  8:33  Hydralisk  
  66  8:42  Queen  
  66  8:47  Hydralisk  
  66  8:51  Zerg Missile Weapons Level 1  
  66  8:52  Zerg Ground Armor Level 1  
  66  8:54  Hydralisk  
  42  9:18  Queen  
  42  9:25  Drone x3  
  42  9:26  Drone x4  
  48  9:32  Drone  
  48  9:33  Queen  
  51  9:41  Drone x2  
  53  9:52  Drone x2  
  32  10:07  Drone x2  
  32  10:08  Drone  
  36  10:14  Drone  
  36  10:19  Drone  
  37  10:23  Drone  
  37  10:25  Drone  
  37  10:26  Drone  
  37  10:27  Drone  
  41  10:32  Drone  
  42  10:35  Drone  
  43  10:43  Drone  
  43  10:45  Drone x2  
  43  10:49  Drone  
  47  11:05  Drone x4  
  47  11:06  Drone  
  52  11:31  Drone x4  
  56  11:37  Drone x2  
  56  11:38  Drone  
  55  11:41  Hydralisk  
  55  11:46  Hydralisk  
  57  11:53  Hydralisk  
  59  12:08  Hatchery  
  58  12:10  Hydralisk  
  60  12:23  Hydralisk x3  
  66  12:32  Overlord x2  
  66  12:36  Hydralisk  
  68  12:39  Hydralisk  
  70  13:00  Drone x3  
  70  13:04  Overseer x2  
  73  13:09  Hydralisk  
  75  13:13  Hydralisk  
  75  13:18  Hydralisk  
  79  13:29  Spore Crawler  
  79  13:30  Spore Crawler, Drone x3  
  79  13:31  Drone  
  81  13:34  Drone  
  81  13:36  Drone  
  42  14:04  Hydralisk x5  
Show
View Real Time Build Order
Export as new Build Order

Greydancer Zerg 

Build Orders: Pool First 

Get SALT Encoding   

  12  0:01  Drone  
  13  0:15  Overlord  
  13  0:18  Drone  
  14  0:35  Spawning Pool  
  13  0:43  Drone x2  
  13  0:46  Drone  
  16  0:54  Drone  
  17  1:01  Extractor  
  16  1:20  Drone  
  16  1:21  Hatchery  
  16  1:28  Queen  
  18  1:34  Drone  
  18  1:36  Drone  
  20  1:45  Overlord  
  20  1:53  Drone  
  21  1:57  Extractor  
  20  2:12  Lair  
  20  2:17  Drone x2  
  22  2:25  Roach Warren  
  22  2:28  Drone  
  22  2:40  Spine Crawler  
  20  3:04  Roach  
  20  3:05  Roach x2  
  26  3:12  Glial Reconstitution  
  26  3:17  Burrow  
  26  3:24  Roach  
  28  3:30  Roach  
  30  3:46  Roach  
  32  3:51  Drone  
  32  3:53  Drone  
  34  3:56  Drone  
  35  4:03  Drone  
  36  4:10  Overlord  
  36  4:17  Overlord  
  36  4:30  Tunneling Claws, Drone x3  
  39  4:34  Overlord  
  39  4:38  Drone  
  39  4:41  Drone  
  41  4:46  Drone  
  42  4:56  Drone x2  
  42  4:57  Spore Crawler  
  42  4:59  Drone  
  44  5:30  Roach  
  42  5:39  Roach  
  42  5:41  Overlord x3  
  44  5:48  Roach x6  
  42  6:13  Roach x6  
  42  6:14  Queen  
  56  6:31  Drone x2  
  56  6:47  Queen  
  49  6:57  Queen  
  50  7:01  Spore Crawler  
  50  7:06  Drone x2  
  50  7:07  Drone  
  52  7:22  Extractor  
  51  7:24  Roach x3  
  51  7:27  Spore Crawler  
  56  7:30  Hatchery  
  56  7:35  Drone x2  
  57  7:38  Drone x3  
  60  7:45  Roach x14  
  60  7:46  Overlord  
  60  8:14  Roach  
  60  8:15  Roach x3  
  60  8:16  Evolution Chamber, Overlord x4  
  67  8:26  Spore Crawler, Drone  
  67  8:27  Drone  
  68  8:28  Spore Crawler  
  67  9:07  Roach x16  
  63  9:23  Roach x13  
  63  9:32  Roach  
  63  9:33  Roach x11  
  81  9:49  Queen  
  83  9:53  Roach x3  
  83  9:54  Extractor  
  88  10:00  Zerg Missile Weapons Level 1  
  88  10:04  Drone  
  88  10:05  Drone x3  
  92  10:07  Infestation Pit, Drone x2  
  89  10:19  Roach x3  
  95  10:38  Queen, Drone x4  
  101  10:44  Overlord  
  101  10:51  Pathogen Glands  
  101  11:04  Overlord x3  
  101  11:22  Queen, Nydus Network  
  103  11:25  Drone x2  
  103  11:26  Drone x2  
  103  11:31  Overlord x3  
  92  11:46  Roach x18  
  82  12:08  Roach x5  
  82  12:09  Roach x5  
  80  12:18  Roach x8  
  80  12:21  Roach  
  80  12:22  Roach x10  
  98  12:23  Roach x5  
  98  12:24  Roach x2  
  84  12:51  Roach  
  84  12:52  Roach x3  
  84  12:55  Overlord x4  
  84  12:56  Overlord  
  90  13:07  Spine Crawler x2  
  90  13:08  Spine Crawler  
  87  13:32  Roach  
  87  13:33  Infestor x4  
  97  13:34  Infestor  
  101  13:41  Roach  
  101  13:42  Roach x4  
  109  13:59  Roach x10  
Tags
 
Add a new tag
Caveats
  • Supply blocks, unpowered buildings, or Contaminate may cause inaccurate times.
  • Supply counts are checked every 10 seconds.